 Dungeon Crawl Stone Soup version 0.21-a0-91-ga5031da (webtiles) character file.

305 grindst0ne the Skirmisher (level 6, -4/58 HPs)
             Began as a Minotaur Fighter on June 28, 2017.
             Slain by an ogre
             ... wielding a +0 giant club
              (16 damage)
             ... on level 3 of the Dungeon.
             The game lasted 00:03:24 (2686 turns).

grindst0ne the Skirmisher (Minotaur Fighter)        Turns: 2686, Time: 00:03:25

Health: -4/58      AC: 12    Str: 27    XL:     6   Next: 15%
Magic:  5/5        EV:  8    Int:  5    God:
Gold:   147        SH:  0    Dex: 10    Spells: 5/5 levels left

rFire    . . .     SeeInvis .   A - +1 trident (freeze)
rCold    . . .     Gourm    .   (no shield)
rNeg     . . .     Faith    .   g - +0 chain mail
rPois    .         Spirit   .   (helmet restricted)
rElec    .         Reflect  .   u - +0 cloak
rCorr    .         Harm     .   n - +0 pair of gloves
MR       .....                  (no boots)
Stlth    ..........             (no amulet)
HPRegen  0.19/turn              (no ring)
MPRegen  0.09/turn              (no ring)

@: mighty, lethally poisoned (-4 -> -6)
A: retaliatory headbutt, horns 2
a: no special abilities


You were on level 3 of the Dungeon.
You were not hungry.

You visited 1 branch of the dungeon, and saw 3 of its levels.

You collected 147 gold pieces.

Inventory:

Hand Weapons
 a - a +0 war axe
 A - a +1 trident of freezing (weapon)
Missiles
 o - a throwing net (quivered)
Armour
 b - a +0 scale mail
 c - a +0 shield
 g - a +0 chain mail (worn)
 n - a +0 pair of gloves (worn)
 u - a +0 cloak (worn)
Scrolls
 e - 3 scrolls of identify {unknown}
 h - 5 scrolls of remove curse {unknown}
 r - a scroll of magic mapping {unknown}
 s - a scroll of fear {unknown}
 w - a scroll of random uselessness {unknown}
 x - a scroll of recharging {unknown}
 y - a scroll of enchant armour {unknown}
Potions
 i - a potion of heal wounds
 k - 2 potions of lignification {unknown}
 m - a potion of mutation {unknown}
 p - a potion of berserk rage {unknown}
 q - a potion of brilliance {unknown}
 t - 2 potions of magic {unknown}
 v - a potion of invisibility {unknown}
 B - a potion of curing {unknown}
Books
 j - a book of Cantrips

   Spells                             Type                      Level
   a - Confusing Touch                Hexes                        1
   b - Animate Skeleton               Necromancy                   1
   c - Summon Small Mammal            Summoning                    1
   d - Apportation                    Translocation                1
Comestibles
 f - 3 bread rations
 l - 2 royal jellies
 z - 8 chunks of flesh


   Skills:
 + Level 6.4 Fighting
 - Level 2.5 Axes
 + Level 6.4 Armour
 - Level 3.6 Shields


You had 5 spell levels left.
You didn't know any spells.

Dungeon Overview and Level Annotations

Branches:
Dungeon (3/15)

Altars:
Gozag
Uskayaw


Innate Abilities, Weirdness & Mutations

You reflexively headbutt those who attack you in melee.
You have a pair of horns on your head.


Message History

You kill the adder!
You feel sick.
You feel very mighty all of a sudden.
You feel sick. The gnoll hits you with a flail.
You closely miss the gnoll.
You feel sick. The gnoll barely misses you. You furiously retaliate!
You headbutt the gnoll! You barely miss the gnoll. You headbutt the gnoll!
You kill the gnoll!
You feel sick.
You hit the ogre. You freeze the ogre. Your headbutt misses the ogre.
The ogre is lightly wounded.
The ogre hits you with a giant club!
You puncture the ogre! You freeze the ogre. Your headbutt misses the ogre.
The ogre is heavily wounded.
You feel sick. The ogre hits you with a giant club!
* * * LOW HITPOINT WARNING * * *
You barely miss the ogre. You headbutt the ogre.
The ogre is heavily wounded.
You feel sick. The ogre hits you with a giant club!
You die...

.# .. .# #. .# #.
##.# ## #.. ##. #.#
##.. #####.#####..#
########.).(.(.((...#
#...@Og.............[
#!######.............
#..##.........
.....#.........
................
..g......####...#
.......### ##### ...#


You could see an ogre and a hobgoblin.

Vanquished Creatures
  2 orc priests (D:3)
  3 orc wizards (D:3)
  5 adders
  6 gnolls
  2 dart slugs
  2 leopard geckos
  11 orcs (D:3)
  A giant cockroach (D:3)
  3 goblins
  4 hobgoblins
  5 kobolds
  2 quokkas
  2 ball pythons
  2 bats
  8 frilled lizards (D:1)
  3 rats
61 creatures vanquished.

Notes
Turn   | Place    | Note
-------+----------+-------------------------------------------
     0 | D:1      | grindst0ne the Minotaur Fighter began the quest for the Orb.
     0 | D:1      | Reached XP level 1. HP: 19/19 MP: 0/0
   385 | D:1      | Reached XP level 2. HP: 27/27 MP: 1/1
  1279 | D:2      | Reached XP level 3. HP: 21/34 MP: 2/2
  1453 | D:2      | Reached skill level 5 in Fighting
  1457 | D:2      | Reached XP level 4. HP: 40/42 MP: 3/3
  1487 | D:2      | Found an opulent altar of Gozag.
  1493 | D:2      | Reached skill level 5 in Armour
  1711 | D:2      | Found a hide-covered altar of Uskayaw.
  1711 | D:2      | Noticed a dagger
  1711 | D:2      | Noticed a dagger
  1979 | D:3      | Reached XP level 5. HP: 36/48 MP: 4/4
  2570 | D:3      | Reached XP level 6. HP: 52/57 MP: 5/5
  2686 | D:3      | Slain by an ogre

Vault maps used:
D:1:      dpeg_arrival_tiny_i, serial_co_window_serial, co_window_corner_a,
          co_window_paths_a, co_window_paths_a, co_window_paths_b,
          co_window_paths_a, co_window_corner_cb, co_window_unsneaky_path_b,
          co_window_broadway_b, co_window_4corner_b, glass_columns_a,
          glass_columns_b, glass_columns_b, glass_columns_c, glass_columns_c,
          minmay_lizard_king
D:2:      dancing_weapons_uskayaw, first_bread, nicolae_gozag_seed_capital
D:3:      lemuel_round_altar, st_stairs_5

Skill      XL: |  1  2  3  4  5 |
---------------+----------------+-----
Armour         | 4 5 6 |  6.4
Fighting       | 4 5 6 |  6.4
Axes           | |  2.5
Shields        | |  3.6

Action                   |  1- 3 |  4- 6 || total
-------------------------+-------+-------++-------
Melee: War axe           |    82 |   119 ||   201
       Headbutt          |    13 |    18 ||    31
       Trident           |       |     9 ||     9
  Use: Potion            |       |     1 ||     1
  Eat: Chunk             |     2 |     4 ||     6
Armor: Scale mail        |    10 |       ||    10
       Chain mail        |    42 |    78 ||   120
Dodge: Dodged            |    11 |    34 ||    45
Block: Shield            |    54 |    54 ||   108
